 Dungeon Crawl Stone Soup version 0.21-a0-278-ga722497 (webtiles) character file.

27 tilp the Firebug (level 3, -1/26 HPs)
             Began as a Hill Orc Fire Elementalist on Sept 20, 2017.
             Slain by a worker ant (4 damage)
             ... on level 2 of the Dungeon.
             The game lasted 00:03:16 (1516 turns).

tilp the Firebug (Hill Orc Fire Elementalist)       Turns: 1516, Time: 00:03:17

Health: -1/26      AC:  2    Str: 10    XL:     3   Next: 10%
Magic:  0/5        EV: 12    Int: 16    God:
Gold:   61         SH:  0    Dex: 11    Spells: 4/5 levels left

rFire    . . .     SeeInvis .   a - +0 dagger (drain)
rCold    . . .     Gourm    .   (no shield)
rNeg     . . .     Faith    .   e - +0 robe
rPois    .         Spirit   .   (no helmet)
rElec    .         Reflect  .   (no cloak)
rCorr    .         Harm     .   (no gloves)
MR       .....                  (no boots)
Stlth    ++........             (no amulet)
HPRegen  0.08/turn              (no ring)
MPRegen  0.09/turn              (no ring)

@: lethally poisoned (-1 -> -7)
A: no striking features
a: no special abilities


You were on level 2 of the Dungeon.
You were not hungry.

You visited 1 branch of the dungeon, and saw 2 of its levels.

You collected 61 gold pieces.

Inventory:

Hand Weapons
 a - a +0 dagger of draining (weapon)
Missiles
 d - 59 stones (quivered)
Armour
 e - a +0 robe (worn)
Jewellery
 j - a +1 ring of evasion {unknown}
Scrolls
 f - a scroll of immolation {unknown}
 i - a scroll of random uselessness {unknown}
 k - a scroll of recharging {unknown}
 l - a scroll of magic mapping {unknown}
Books
 b - a book of Flames

   Spells                             Type                      Level
   a - Flame Tongue                   Conjuration/Fire             1
   b - Throw Flame                    Conjuration/Fire             2
   c - Conjure Flame                  Conjuration/Fire             3
   d - Inner Flame                    Hexes/Fire                   3
   e - Sticky Flame                   Conjuration/Fire             4
   f - Fireball                       Conjuration/Fire             5
Comestibles
 c - a bread ration
 g - a royal jelly


   Skills:
 - Level 1.5 Dodging
 - Level 1.5 Stealth
 + Level 1.9 Spellcasting
 * Level 2.0 Conjurations
 + Level 3.6 Fire Magic


You had 4 spell levels left.
You knew the following spells:

 Your Spells              Type           Power        Failure   Level  Hunger
a - Flame Tongue          Conj/Fire      ##...        6%          1    #......


Dungeon Overview and Level Annotations

Branches:
Dungeon (2/15)

Altars:


Message History

You hit the worker ant but do no damage.
You drain the worker ant!
The worker ant is severely wounded.
You feel sick. The worker ant closely misses you.
You hit the worker ant.
The worker ant is severely wounded.
You feel sick. The worker ant bites you.
* * * LOW HITPOINT WARNING * * *
The hobgoblin hits you with a club.
* * * LOW HITPOINT WARNING * * *
The worker ant waves its antennae.
The worker ant closely misses you.
Casting: Flame Tongue
Confirm with . or Enter, or press ? or * to list all spells.
Aiming: Flame Tongue
Press: ? - help, Shift-Dir - straight line, f/p - worker ant
Aim: a worker ant (severely wounded, heavily drained)
The flame tongue misses the worker ant.
The hobgoblin misses you. The worker ant bites you.
You die...

.... #...........
.....##......#..#
................#.
#................
#................
#..........#####.
#.........##
#..>....ga#
..##........@+
.............#
.......<#........
........#........
........#.........
..................
..................
.............##....
.............#


You could see a worker ant and a hobgoblin.

Vanquished Creatures
  3 dart slugs (D:1)
  A giant cockroach (D:1)
  A hobgoblin (D:1)
  A kobold (D:1)
  A ball python (D:1)
  2 bats (D:1)
  A frilled lizard (D:1)
  7 goblins (D:1)
  3 rats (D:1)
20 creatures vanquished.

Notes
Turn   | Place    | Note
-------+----------+-------------------------------------------
     0 | D:1      | tilp the Hill Orc Fire Elementalist began the quest for the Orb.
     0 | D:1      | Reached XP level 1. HP: 14/14 MP: 3/3
   186 | D:1      | Reached XP level 2. HP: 9/20 MP: 1/4
   967 | D:1      | Reached XP level 3. HP: 26/26 MP: 3/5
  1516 | D:2      | Slain by a worker ant

Vault maps used:
D:1:      minmay_arrival_four_circles
D:2:      nicolae_ashenzari_panopticon

Skill      XL: |  1  2 |
---------------+-------+-----
Conjurations   | 2 |  2.0
Dodging        | |  1.5
Stealth        | |  1.5
Spellcasting   | |  1.9
Fire Magic     | |  3.6

Action                   || total
-------------------------++-------
Melee: Club              ||    21
       Dagger            ||    29
Throw: Stone             ||     9
 Cast: Flame Tongue      ||    24
 Stab: Sleeping          ||     3
  Eat: Chunk             ||     2
Armor: Robe              ||    13
Dodge: Dodged            ||    36

Table legend:
 A = Spawn XP
 B = Non-spawn XP
 C = Spawn XP percentage of total XP
 D = Spawn monster count
 E = Non-spawn monster count
 F = Spawn count percentage of total count
 G = Total turns spent on level
                    A         B        C        D         E        F      G
               +---------+---------+-------+---------+---------+-------+---------
         Total |       0 |      39 |   0.0 |       0 |      20 |   0.0 |  1516
               +---------+---------+-------+---------+---------+-------+---------
           D:1 |       0 |      39 |   0.0 |       0 |      20 |   0.0 |  1489
               +---------+---------+-------+---------+---------+-------+---------
